 Dungeon Crawl Stone Soup version 0.25-a0-398-g1920f1ac21 (console) character file.

Game seed: 5649205635826021813, levelgen mode: deterministic

153 Kagalorn the Sneak (level 5, 0/44 HPs)
             Began as a Naga Arcane Marksman on Jan 8, 2020.
             Slain by a hobgoblin
             ... wielding a +0 club
             ... led by Robin
              (4 damage)
             ... on level 2 of the Dungeon.
             The game lasted 00:06:27 (1852 turns).

Kagalorn the Sneak (Naga Arcane Marksman)           Turns: 1852, Time: 00:06:28

Health: 0/44       AC:  5    Str: 14    XL:     5   Next: 35%
Magic:  6/6        EV:  9    Int: 13    God:
Gold:   146        SH:  0    Dex: 11    Spells: 5/6 levels left

rFire    . . .     SeeInvis +   a - +0 shortbow
rCold    . . .     Gourm    .   (shield currently unavailable)
rNeg     . . .     Faith    .   q - +0 leather armour {rPois}
rPois    +         Spirit   .   x - +1 hat
rElec    .         Reflect  .   (no cloak)
rCorr    .         Harm     .   u - +0 pair of gloves
MR       .....                  (no barding)
Stlth    +++.......             (no amulet)
HPRegen  0.14/turn              (no ring)
MPRegen  0.10/turn              (no ring)

@: very slow
A: large, see invisible, deformed body, poison resistance, slowness 2, slow
metabolism 1, spit poison 1, AC +1
a: Spit Poison


You were on level 2 of the Dungeon.
You were not hungry.

You visited 1 branch of the dungeon, and saw 3 of its levels.

You collected 146 gold pieces.

Inventory:

Hand Weapons
 a - a +0 shortbow (weapon)
 b - a +0 short sword
 v - a +0 hand axe
Missiles
 d - 12 arrows (quivered)
Armour
 m - a +0 chain mail
 q - a +0 leather armour of poison resistance (worn)
 u - a +0 pair of gloves (worn)
 x - a +1 hat (worn)
Jewellery
 k - a +3 ring of dexterity {unknown}
 s - a +3 ring of strength {unknown}
Scrolls
 g - 3 scrolls of fear {unknown}
 i - a scroll of enchant armour {unknown}
 l - a scroll of blinking {unknown}
 n - 2 scrolls of immolation {unknown}
 p - a scroll of remove curse {unknown}
 r - 2 scrolls of teleportation {unknown}
 y - a scroll of identify {unknown}
Potions
 c - 2 potions of flight {unknown}
 e - a potion of heal wounds {unknown}
 h - a potion of curing {unknown}
 j - 2 potions of haste {unknown}
 o - a potion of resistance {unknown}
 t - a potion of mutation {unknown}
 w - a potion of lignification {unknown}
 z - a potion of berserk rage {unknown}
Comestibles
 f - 3 rations
 A - 6 chunks of flesh


   Skills:
 - Level 1.0 Fighting
 - Level 1.7 Bows
 - Level 1.5 Dodging
 * Level 7.8 Stealth
 - Level 1.0 Spellcasting
 - Level 3.0 Hexes


You had 5 spell levels left.
You knew the following spells:

 Your Spells              Type           Power        Failure   Level  Hunger
a - Corona                Hex            #......      11%         1    ##.....

Your spell library contained the following spells:

 Spells                   Type           Power        Failure   Level  Hunger
 Slow                     Hex            #.......     16%         2    ###....
 Inner Flame              Hex/Fire       #.......     50%         3    ####...
 Portal Projectile        Hex/Tloc       #.....       50%         3    ####...
 Cause Fear               Hex            #.........   71%         4    #####..
 Leda's Liquefaction      Hex/Erth       #.........   88%         4    #####..


Dungeon Overview and Level Annotations

Branches:
Dungeon (3/15)

Altars:
Cheibriados
Gozag
Sif Muna
Vehumet

Shops:
D:2 *

Annotations:
D:3 Robin


Innate Abilities, Weirdness & Mutations

You cannot wear boots.
Your serpentine skin is tough. (AC +1)
You have supernaturally acute eyesight. (SInv)
Armour fits poorly on your strangely shaped body.
Your system is resistant to poisons. (rPois)
You cover ground very slowly.
You have a slow metabolism.
You can spit poison.


Message History

Press: ? - help, Shift-Dir - straight line, f/p - hobgoblin
Aim: a hobgoblin, wielding a +0 club (unusually strong)
You shoot an arrow. The arrow barely misses the hobgoblin.
The goblin barely misses you. The hobgoblin hits you with a +0 club.
* * * LOW HITPOINT WARNING * * *
Firing (i - inventory)
d - 14 arrows (quivered)
Press: ? - help, Shift-Dir - straight line, f/p - hobgoblin
Aim: a hobgoblin, wielding a +0 club (unusually strong)
You shoot an arrow. The arrow closely misses the hobgoblin.
The hobgoblin no longer looks unusually strong.
The goblin hits you with a +0 club.
* * * LOW HITPOINT WARNING * * *
The hobgoblin hits you but does no damage.
The goblin closely misses you.
Firing (i - inventory)
d - 13 arrows (quivered)
Press: ? - help, Shift-Dir - straight line, f/p - hobgoblin
Aim: a hobgoblin, wielding a +0 club You shoot an arrow.
The arrow closely misses the hobgoblin.
The hobgoblin hits you with a +0 club.
You die...

.).# #.# #.........#### ...#
#.# #.###........# ...# #.#
#.##..###....# ...# #.# #.##.##
#....# ##.# #######.###....#
#....# #.#
###.......##....#####....# #.#
#..>.........#.## #......#
#.###.#.#######gg..####.######
#..)#...# ###.)@#..##...#
####...#.###...####..#.###
......##.....#### #....#####
..#.............# #.##.....##
_...#...#######.###....###..###
...####.### #..##..### ##...###
#.## #...## ###.##..# ###...>
.(# ###..###......## ##### .##
##.....##.#†###########..


You could see a hobgoblin and a goblin.

Vanquished Creatures
  Natasha (thrice) (D:2)
  2 adders (D:2)
  2 oozes (D:2)
  3 worms (D:2)
  3 dart slugs
  2 giant cockroaches
  9 goblins
  4 hobgoblins
  5 kobolds
  A quokka (D:2)
  A ball python (D:1)
  2 bats
  2 frilled lizards (D:2)
  2 rats
41 creatures vanquished.

Notes
Turn   | Place    | Note
-------+----------+-------------------------------------------
     0 | D:1      | Kagalorn the Naga Arcane Marksman began the quest for the
                  | Orb.
     0 | D:1      | Reached XP level 1. HP: 18/18 MP: 2/2
   131 | D:1      | Reached skill level 1 in Stealth
   320 | D:1      | Reached skill level 2 in Stealth
   334 | D:1      | Reached XP level 2. HP: 25/25 MP: 3/3
   371 | D:1      | Reached skill level 3 in Stealth
   740 | D:2      | Reached skill level 4 in Stealth
   740 | D:2      | Reached XP level 3. HP: 31/31 MP: 4/4
   830 | D:2      | Found a snail-covered altar of Cheibriados.
   836 | D:2      | Reached skill level 5 in Stealth
   894 | D:2      | Found a radiant altar of Vehumet.
   942 | D:2      | Reached XP level 4. HP: 36/38 MP: 5/5
  1056 | D:2      | Reached skill level 6 in Stealth
  1161 | D:2      | Found an opulent altar of Gozag.
  1162 | D:2      | Found Gozag's Platinum Reserve.
  1233 | D:2      | Noticed Natasha
  1239 | D:2      | Killed Natasha
  1329 | D:2      | Found a shimmering blue altar of Sif Muna.
  1343 | D:2      | Found a snail-covered altar of Cheibriados.
  1362 | D:2      | Noticed Natasha
  1375 | D:2      | Killed Natasha
  1375 | D:2      | Reached skill level 7 in Stealth
  1375 | D:2      | Reached XP level 5. HP: 10/44 MP: 6/6
  1624 | D:2      | Found an opulent altar of Gozag.
  1628 | D:2      | Found Gozag's Platinum Reserve.
  1677 | D:2      | Noticed Natasha
  1687 | D:2      | Killed Natasha
  1825 | D:3      | Noticed Robin
  1852 | D:2      | Slain by a hobgoblin

Levels and vault maps discovered:
D:1:      dpeg_arrival_three_bigger_balls, layout_basic
D:2:      layout_rooms, cheibriados_altar_1, led_sif_pool, vehumet_crystals,
          first_ration, nicolae_gozag_zags_fifth_avenue, uniq_natasha
D:3:      layout_loops_cross, okawaru_gym_becter, makhleb_grotto_becter,
          hangedman_glass_garden, dk_vineyard_1, uniq_grinder, uniq_ijyb,
          uniq_robin

Skill      XL: |  1  2  3  4 |
---------------+-------------+-----
Stealth        | 2 4 5 7 |  7.8
Fighting       | |  1.0
Bows           | |  1.7
Dodging        | |  1.5
Spellcasting   | |  1.0
Hexes          | |  3.0

Action                   |  1- 3 |  4- 6 || total
-------------------------+-------+-------++-------
Melee: Short sword       |    12 |    12 ||    24
 Fire: Shortbow          |     3 |    19 ||    22
 Abil: Spit Poison       |    35 |    16 ||    51
  Eat: Chunk             |     1 |     1 ||     2
       Ration            |       |     1 ||     1
Armor: Leather armour    |       |     9 ||     9
Dodge: Dodged            |     5 |    23 ||    28

Table legend:
 A = Non-vault XP
 B = Vault XP
 C = Vault XP percentage of total XP
 D = Non-vault monster count
 E = Vault monster count
 F = Vault count percentage of total count
                 A         B        C        D         E       F
            +---------+---------+-------+---------+---------+-------
      Total |     175 |      44 |  20.1 |      35 |       6 |  14.6
            +---------+---------+-------+---------+---------+-------
        D:1 |      25 |       0 |   0.0 |      14 |       0 |   0.0
        D:2 |     149 |      39 |  20.7 |      20 |       3 |  13.0
        D:3 |       1 |       5 |  83.3 |       1 |       3 |  75.0
            +---------+---------+-------+---------+---------+-------
